 Dungeon Crawl Stone Soup version 0.29.1-1-gd02db6906a (webtiles) character file.

Game seed: 14844793082443174306

5 Kaiern the Caller (level 1, 0/11 HPs)
             Began as an Octopode Summoner on Oct 7, 2022.
             Slain by a jackal (2 damage)
             ... on level 1 of the Dungeon.
             The game lasted 00:00:28 (53 turns).

Kaiern the Caller (Octopode Summoner)                 Turns: 53, Time: 00:00:28

Health: 0/11       AC:  1    Str:  7    XL:     1   Next: 80%
Magic:  0/3        EV: 13    Int: 17    God:
Gold:   0          SH:  0    Dex: 12    Spells: 3/4 levels left

rFire   . . .      SeeInvis .   (no weapon)
rCold   . . .      Faith    .   (no shield)
rNeg    . . .      Spirit   .   (helmet restricted)
rPois   .          Reflect  .   (no amulet)
rElec   .          Harm     .   (no ring)
rCorr   .          Rampage  .   (no ring)
Will    .....                   (no ring)
Stlth   +++.......              (no ring)
HPRegen 0.03/turn               (no ring)
MPRegen 0.08/turn               (no ring)
                                (no ring)
                                (no ring)

@: no status effects
A: almost no armour, amphibious, 8 rings, camouflage 1, gelatinous body 1,
(nimble swimmer 1), tentacles
a: no special abilities


You were on level 1 of the Dungeon.
You visited 1 branch of the dungeon, and saw 1 of its levels.

Inventory:

Potions
 a - a potion of magic


   Skills:
 + Level 2.1 Dodging
 + Level 2.9 Stealth
 + Level 2.1 Spellcasting
 + Level 4.0 Summonings


You had 3 spell levels left.
You knew the following spells:

 Your Spells              Type           Power      Damage    Failure   Level
a - Summon Small Mammal   Summ           60%        N/A       3%          1

Your spell library contained the following spells:

 Spells                   Type           Power      Damage    Failure   Level
 Call Imp                 Summ           15%        N/A       5%          2
 Call Canine Familiar     Summ           15%        N/A       11%         3
 Summon Guardian Golem    Hex/Summ       8%         N/A       26%         3
 Summon Lightning Spire   Summ/Air       8%         N/A       63%         4


Dungeon Overview and Level Annotations

Branches:
Dungeon (1/15)

Altars:


Innate Abilities, Weirdness & Mutations

You cannot wear most types of armour.
You are amphibious.
You can wear up to eight rings at the same time.
Your skin changes colour to match your surroundings (Stealth+).
Your rubbery body absorbs attacks. (AC +1, EV +1)
((You are camouflaged when in or above water. (Stealth+)))
You have tentacles for arms and can constrict up to eight enemies at once.


Message History

Your bat hits the kobold but does no damage.
Your bat closely misses the kobold.
The jackal barely misses your quokka.
Your quokka misses the jackal.
Your bat barely misses the kobold.
Your bat barely misses the kobold.
The jackal bites your quokka.
Your bat closely misses the kobold.
Your quokka barely misses the jackal.
The jackal bites your quokka.
Your bat closely misses the kobold.
Your quokka completely misses the jackal.
The jackal bites your quokka but does no damage.
Your quokka barely misses the jackal.
Your bat misses the kobold. The jackal bites your quokka.
Your quokka dies!
Your quokka's corpse disappears in a puff of smoke!
You tentacle-slap the jackal.
You kill the jackal!
You barely miss the kobold. Your grab misses the kobold.
You squeeze the kobold.
The kobold is severely wounded.
Your bat closely misses the hobgoblin.
The kobold hits you with a +0 short sword.
* * * LOW HITPOINT WARNING * * *
You closely miss the kobold. Your grab misses the kobold.
The kobold is severely wounded.
Your bat barely misses the quokka.
The kobold hits you with a +0 short sword.
* * * LOW HITPOINT WARNING * * *
Casting: Summon Small Mammal (safe; 3% risk of failure)
Confirm with . or Enter, or press ? or * to list all spells.
The kobold misses you.
Your bat misses the quokka.
You swap places.
Your bat barely misses the quokka.
Your bat closely misses the quokka.
Your bat hits the quokka but does no damage.
Your rat bites the kobold.
The kobold dies!
Your rat bites the jackal but does no damage.
Your bat hits the hobgoblin.
Your bat hits the hobgoblin but does no damage. x2
Your rat barely misses the jackal.
You tentacle-slap the jackal but do no damage.
You grab the jackal. You constrict the jackal. The jackal bites you.
You die...

##'''## ##....#
######..####
#......##
##......# ##
........# ..#
.#......# .?..
#......## .....
#.....@h###......
#######rrghb)....
####.#..... ...
... ..... .
....... .......
...h... ..?....


You could see a quokka (ally target), 2 jackals, a hobgoblin, a friendly bat
(summoned) and a friendly rat (summoned).

Vanquished Creatures
  A jackal (D:1)
1 creature vanquished.

Vanquished Creatures (collateral kills)
  A goblin (D:1)
  A jackal (D:1)
  A kobold (D:1)
3 creatures vanquished.

Grand Total: 4 creatures vanquished

Notes
Turn   | Place    | Note
-------+----------+-------------------------------------------
     0 | D:1      | Kaiern the Octopode Summoner began the quest for the Orb.
     0 | D:1      | Reached XP level 1. HP: 11/11 MP: 3/3
    53 | D:1      | Slain by a jackal

Illustrated notes

Levels and vault maps discovered:
D:1:      kennysheep_arrival_forest, layout_rooms, serial_aquarium,
          aquarium_bridge_long_separate [aquarium_subvault_balcony,
          aquarium_subvault_bridge, aquarium_subvault_balcony,
          aquarium_subvault_bridge, aquarium_subvault_bridge,
          aquarium_subvault_bridge], aquarium_window_1, aquarium_window_corner,
          aquarium_window_fake, aquarium_view_2d, aquarium_view_2e,
          aquarium_balcony_double_1, aquarium_pool_1,
          hellmonk_ecumenical_altar_leap_of_faith

Action                   || total
-------------------------++-------
Melee: Unarmed           ||     8
       Constrict         ||     2
       Tentacles         ||     2
 Cast: Summon Small Mamm ||     4
Armor: Skin              ||     2
Dodge: Dodged            ||     5
